AoeStats
← demi_cabeza

Arabia

505457768Analyzed
1v1 RM · 24d ago on Sep 9, 2026· 17m 41s· 2 players
Game mode
Random Map
Map size
Tiny (2 player)
Population
200
Speed
Normal
Resources
Standard
Victory
Conquest
Starting age
Dark Age
Ending age
Imperial Age
RankedLock teamsTeams togetherTeam positionsShared explorationLock speedFull tech treeHidden civsTurbo modeCheats
Victory
Defeat
🇨🇳 Maya · China
1303
+15
🇦🇷 Tatars · Argentina
1285
-15
demi_cabeza
5:53 Loom
8:50 Feudal Age
10:04 Double-Bit Axe
10:27 Horse Collar
13:47 Town Watch
14:39 Wheelbarrow
17:14 Fletching
紫源
0:25 Loom
9:04 Feudal Age
9:33 Double-Bit Axe
16:26 Scale Mail Armor
16:51 Fletching
Connection lost

Rejoining the realm…

Still unreachable

The connection could not be restored.

Session expired

The server has moved on; the page needs a fresh start.